 Dungeon Crawl Stone Soup version 0.21-a0-142-gdd972a7 (webtiles) character file.

37 HateThisGame the Vexing (level 3, -4/24 HPs)
             Began as a Mummy Enchanter on July 23, 2017.
             Killed from afar by Terence (13 damage)
             ... with a wand of flame (?/48)
             ... on level 2 of the Dungeon.
             The game lasted 00:03:11 (1666 turns).

HateThisGame the Vexing (Mummy Enchanter)           Turns: 1666, Time: 00:03:11

Health: -4/24      AC:  3    Str: 11    XL:     3   Next: 23%
Magic:  5/7        EV: 12    Int: 15    God:
Gold:   107        SH:  0    Dex: 12    Spells: 5/8 levels left

rFire    x . .     SeeInvis .   a - +1 dagger
rCold    + . .     Gourm    .   (no shield)
rNeg     + + +     Faith    +   d - +0 robe
rPois    ∞         Spirit   .   (no helmet)
rElec    .         Reflect  .   (no cloak)
rCorr    .         Harm     .   (no gloves)
MR       .....                  g - +0 pair of boots
Stlth    ++........             f - amulet of faith
HPRegen  0.08/turn              (no ring)
MPRegen  0.10/turn              (no ring)

@: no status effects
A: no food or potions, fire vulnerability, cold resistance 1, negative energy
resistance 3, torment resistance, unbreathing
a: no special abilities


You were on level 2 of the Dungeon.
You were not hungry.

You visited 1 branch of the dungeon, and saw 2 of its levels.

You collected 107 gold pieces.

Inventory:

Hand Weapons
 a - a +1 dagger (weapon)
 b - a +2 hunting sling of flaming
Missiles
 e - 7 sling bullets
 i - 2 throwing nets (quivered)
Armour
 d - a +0 robe (worn)
 g - a +0 pair of boots (worn)
Jewellery
 f - an amulet of faith (around neck)
Scrolls
 h - 2 scrolls of remove curse
Books
 c - a book of Maledictions

   Spells                             Type                      Level
   a - Corona                         Hexes                        1
   b - Ensorcelled Hibernation        Hexes/Ice                    2
   c - Confuse                        Hexes                        3
   d - Tukima's Dance                 Hexes                        3
   e - Dazzling Spray                 Conjuration/Hexes            3


   Skills:
 - Level 0.7 Short Blades
 - Level 1.5 Dodging
 - Level 2.4 Stealth
 + Level 3.2 Spellcasting
 * Level 3.6 Hexes
 * Level 0.0 Ice Magic


You had 5 spell levels left.
You knew the following spells:

 Your Spells              Type           Power        Failure   Level  Hunger
a - Corona                Hex            ##.....      4%          1    N/A
b - Ensorcelled Hibernat  Hex/Ice        #.....       14%         2    N/A

Dungeon Overview and Level Annotations

Branches:
Dungeon (2/15)

Altars:
Okawaru

Annotations:
D:2 Terence


Innate Abilities, Weirdness & Mutations

You do not eat or drink.
Your flesh is vulnerable to fire.
You are immune to poison.
Your flesh is cold resistant. (rC+)
You are immune to negative energy. (rN+++)
You are immune to unholy pain and torment.
You can survive without breathing.


Message History

Found a bread ration.
Found a puce potion.
h - 2 scrolls of remove curse (gained 1) Terence the Incautious comes into view.
He is wielding a flail of holy wrath.
Terence shouts!
Found a scroll labeled IXKATE VASCHOAH.
Casting: Ensorcelled Hibernation
Confirm with . or Enter, or press ? or * to list all spells.
Aiming: Ensorcelled Hibernation
Press: ? - help, Shift-Dir - straight line, f - Terence
Aim: Terence, wielding a flail of holy wrath and wearing a ring mail (chance to defeat MR: 48%) Terence looks drowsy...
Terence shouts!
Terence zaps a wand.
The puff of flame misses you.
It is a wand of flame (?/48).
Terence zaps a wand.
The puff of flame hits you! The fire burns you terribly!
Ouch! That really hurt!
Terence zaps a wand.
The puff of flame hits you! The fire burns you terribly!
Ouch! That really hurt!
You die...

..............# .....##
..............# #?.... #
..............### #....##.
.##.<####........ .......
#...###.....### #....#
.##...##......# #@...#
......##.#....# #....####
.......#......######@.......
........##......@....###....
........##.###..........%...
........##.# ##.............
...........####......###...
.....................# #.....
.......##.÷.##.......# #.... ##
......#...).###......# #.##. ###.
####.##.###.###......###.#..##...
#..(......#..........##..#.##†.##


You could see Terence.

Vanquished Creatures
  2 oozes
  A dart slug (D:1)
  A leopard gecko (D:1)
  A ball python (D:2)
  2 goblins
  3 hobgoblins
  3 jackals (D:1)
  A kobold (D:2)
  6 bats
  A frilled lizard (D:1)
  4 rats (D:1)
25 creatures vanquished.

Notes
Turn   | Place    | Note
-------+----------+-------------------------------------------
     0 | D:1      | HateThisGame the Mummy Enchanter began the quest for the Orb.
     0 | D:1      | Reached XP level 1. HP: 13/13 MP: 4/4
   298 | D:1      | Reached XP level 2. HP: 15/19 MP: 5/5
  1327 | D:1      | Found an iron altar of Okawaru.
  1431 | D:2      | Reached XP level 3. HP: 21/24 MP: 7/7
  1438 | D:2      | Learned a level 2 spell: Ensorcelled Hibernation
  1660 | D:2      | Noticed Terence
  1666 | D:2      | Killed from afar by Terence

Vault maps used:
D:1:      dpeg_arrival_water_altar
D:2:      first_bread, uniq_terence

Skill      XL: |  1  2 |
---------------+-------+-----
Hexes          | 3 |  3.6
Spellcasting   | 3 |  3.2
Short Blades   | |  0.7
Dodging        | |  1.5
Stealth        | |  2.4

Action                   || total
-------------------------++-------
Melee: Dagger            ||    72
 Fire: Hunting sling     ||     2
 Cast: Corona            ||     9
       Ensorcelled Hiber ||     3
  Use: Scroll            ||     3
 Stab: Sleeping          ||     6
Armor: Robe              ||    14
Dodge: Dodged            ||    52
